 Dungeon Crawl Stone Soup version 0.25.1-2-g60ff931df9 (webtiles) character file.

Game seed: 1708683444900910024

2658 Erymatos the Cleaver (level 9, -2/79 HPs)
             Began as a Minotaur Berserker on Nov 10, 2020.
             Was an Elder of Trog.
             Slain by a vampire (9 damage)
             ... on level 9 of the Dungeon.
             The game lasted 00:10:13 (5000 turns).

Erymatos the Cleaver (Minotaur Berserker)           Turns: 5000, Time: 00:10:14

Health: -2/79      AC: 15    Str: 22    XL:     9   Next: 36%
Magic:  8/8        EV:  8    Int:  4    God:    Trog [****..]
Gold:   323        SH: 10    Dex: 13    Spells: 8/8 levels left

rFire    . . .     SeeInvis .   s - +1 hand axe (vorpal)
rCold    . . .     Gourm    .   h - +0 buckler
rNeg     . . .     Faith    .   t - +0 plate armour (curse)
rPois    .         Spirit   .   (helmet restricted)
rElec    .         Reflect  +   g - scarf {repulsion}
rCorr    .         Harm     .   a - +0 pair of gloves
MR       ++...                  v - +0 pair of boots
Stlth    ..........             y - amulet of reflection
HPRegen  1.23/turn              (no ring)
MPRegen  0.11/turn              (no ring)

@: berserk cooldown, regenerating, slowed, repel missiles, very slow
A: retaliatory headbutt, horns 2
a: Berserk, Trog's Hand, Brothers in Arms, Renounce Religion


You were on level 9 of the Dungeon.
You worshipped Trog.
Trog was greatly pleased with you.
You were near starving.

You visited 1 branch of the dungeon, and saw 7 of its levels.

You collected 323 gold pieces.

Inventory:

Hand Weapons
 s - a +1 vorpal hand axe (weapon)
 w - the +4 dagger of Dithmenos's Whim {vorpal, rF++ MR+}
   (You took it off an orc on level 3 of the Dungeon)

   It inflicts extra damage upon your enemies.
   It greatly protects you from fire.
   It affects your resistance to hostile enchantments.
 z - a +0 vorpal war axe
Armour
 a - a +0 pair of gloves (worn)
 g - a scarf of repulsion (worn)
 h - a +0 buckler (worn)
 t - a cursed +0 plate armour (worn)
 v - a +0 pair of boots (worn)
 E - a +0 kite shield
Jewellery
 y - an amulet of reflection (around neck)
Wands
 n - a wand of iceblast (7)
 q - a wand of flame (23)
Scrolls
 d - 14 scrolls of identify {unknown}
 i - a scroll of enchant weapon {unknown}
 k - 2 scrolls of blinking {unknown}
 m - 7 scrolls of teleportation {unknown}
 p - a scroll of remove curse {unknown}
 r - a scroll of random uselessness {unknown}
 u - 2 scrolls of enchant armour {unknown}
 x - a scroll of magic mapping {unknown}
 C - a scroll of fog {unknown}
 D - a scroll of vulnerability {unknown}
Potions
 b - 3 potions of heal wounds {unknown}
 e - 4 potions of curing {unknown}
 f - 2 potions of might {unknown}
 j - a potion of ambrosia {unknown}
 l - 2 potions of degeneration {unknown}
 o - a potion of haste {unknown}
 A - 3 potions of mutation {unknown}
 F - a potion of flight {unknown}
Comestibles
 c - 15 rations
 B - 11 chunks of flesh


   Skills:
 + Level 7.2 Fighting
 + Level 11.2 Axes
 + Level 7.2 Armour
 + Level 3.5 Dodging
 + Level 4.4 Shields


You had 8 spell levels left.
You didn't know any spells.
Your spell library was empty.

Dungeon Overview and Level Annotations

Branches:
Dungeon (9/15)                Orc (0/2) D:9
 Temple: D:4-7         Lair: D:8-11

Altars:
Wu Jian
Beogh


Innate Abilities, Weirdness & Mutations

You reflexively headbutt those who attack you in melee.
You have a pair of horns on your head.


Message History

Something bites you.
Something draws strength from your injuries!
Unknown command.
You slash something! You headbutt something.
Something hits you but does no damage. Something bites you!
* * * LOW HITPOINT WARNING * * *
Something draws strength from your injuries!
Unknown command.
Something hits you.
* * * LOW HITPOINT WARNING * * *
Something bites you.
* * * LOW HITPOINT WARNING * * *
Something draws strength from your injuries!
Something hits you.
* * * LOW HITPOINT WARNING * * *
Something bites you but does no damage.
Okay, then.
You hit something but do no damage. Your headbutt misses something.
Something hits you!
You die...

.# #.# #.........#######. .#
#.########.........#######.
.######..........................
.................................
###[.#############.......<.......
#..# #..########..### #..# #..#
#..###
###)÷#############..########.....
...)............@............[...
.................{...............
####.######......)..............#
#.# #.....................#
####.# #.....................#
.....######.....................#
........†..............).<.......
.................................
...............###########...####


There were no monsters in sight!

Vanquished Creatures
  Erica (D:9)
  A hippogriff (D:9)
  The ghost of Mryle the Conjurer, an amateur OpCj (D:3)
  2 sky beasts
  An ogre (D:7)
  3 centaurs
  A bullfrog (D:7)
  2 gnoll sergeants
  4 scorpions
  A howler monkey (D:7)
  3 crimson imps
  A bullfrog skeleton (D:4)
  A hound (D:7)
  A jelly (D:7)
  4 orc wizards
  5 orc priests
  A worker ant (D:9)
  A hound skeleton (D:9)
  10 gnolls
  9 adders
  A howler monkey skeleton (D:7)
  An ooze (D:2)
  A dart slug (D:4)
  2 leopard geckos
  26 orcs
  5 bats
  3 giant cockroaches
  11 hobgoblins
  11 jackals
  10 kobolds
  2 quokkas
  A ball python (D:2)
  3 frilled lizards
  12 goblins
  12 rats
154 creatures vanquished.

Notes
Turn   | Place    | Note
-------+----------+-------------------------------------------
     0 | D:1      | Erymatos the Minotaur Berserker began the quest for the
                  | Orb.
     0 | D:1      | Reached XP level 1. HP: 19/19 MP: 0/0
   136 | D:1      | Reached skill level 4 in Axes
   136 | D:1      | Reached XP level 2. HP: 23/27 MP: 1/1
   382 | D:1      | Reached ** piety under Trog
   417 | D:1      | Reached XP level 3. HP: 33/33 MP: 2/2
   956 | D:2      | Reached skill level 5 in Axes
  1050 | D:2      | Reached XP level 4. HP: 24/41 MP: 3/3
  1921 | D:3      | Reached skill level 1 in Shields
  1930 | D:3      | Reached XP level 5. HP: 47/47 MP: 4/4
  1934 | D:3      | Reached *** piety under Trog
  2110 | D:3      | Reached skill level 6 in Axes
  2281 | D:3      | Noticed a sky beast
  2297 | D:3      | Killed a sky beast
  2297 | D:3      | Reached skill level 5 in Fighting
  2297 | D:3      | Reached XP level 6. HP: 20/56 MP: 5/5
  2564 | D:3      | Identified the +4 dagger of Dithmenos's Whim {vorpal, rF++
                  | MR+}
  2564 | D:3      | Noticed Mryle's ghost (amateur OpCj)
  2565 | D:3      | Found a runed translucent gate.
  2565 | D:3      | Found a runed translucent gate.
  2565 | D:3      | Found a runed translucent gate.
  2586 | D:3      | Found a roughly hewn altar of Beogh.
  3118 | D:3      | Killed Mryle's ghost
  3120 | D:3      | Reached skill level 7 in Axes
  3233 | D:4      | Reached XP level 7. HP: 61/61 MP: 6/6
  3381 | D:4      | You fall into a shaft and drop 3 floors!
  3510 | D:7      | Reached **** piety under Trog
  3625 | D:7      | Reached skill level 8 in Axes
  3625 | D:7      | Reached skill level 5 in Armour
  3814 | D:7      | Reached XP level 8. HP: 67/70 MP: 7/7
  3897 | D:7      | Reached skill level 9 in Axes
  4519 | D:8      | Found an ornate altar of the Wu Jian Council.
  4519 | D:8      | You fall into a shaft and drop 1 floor!
  4594 | D:9      | Reached skill level 10 in Axes
  4830 | D:9      | Found a staircase to the Orcish Mines.
  4896 | D:9      | Noticed a hippogriff
  4903 | D:9      | Killed a hippogriff
  4903 | D:9      | Reached XP level 9. HP: 76/78 MP: 8/8
  4974 | D:9      | Noticed Erica
  4982 | D:9      | Killed Erica
  4982 | D:9      | Reached skill level 11 in Axes
  5000 | D:9      | Slain by a vampire

Illustrated notes

Levels and vault maps discovered:
D:1:      dpeg_arrival_rooms_a, layout_rooms
D:2:      layout_basic
D:3:      layout_basic, biasface_ghost_orc_armoury, minmay_misc_feat_tiny
D:4:      layout_basic, kennysheep_mini_moat, nicolae_overflow_hidden_temple,
          first_ration, chequers_serial_rivers_large_a, uniq_pikel
D:7:      minmay_razor_zed, layout_basic, grunt_ogre_cave, corexii_corridor_pit
D:8:      layout_basic, lemuel_round_altar
D:9:      layout_long_grid, david_orc_2, enter_bailey_3, uniq_erica

Skill      XL: |  1  2  3  4  5  6  7  8  9 |
---------------+----------------------------+-----
Axes           | 4 5 6 7 8 10 11 | 11.2
Fighting       | 4 5 6 7 |  7.2
Shields        | 1 2 3 4 |  4.4
Armour         | 3 4 5 6 7 |  7.2
Dodging        | 3 |  3.5

Action                   |  1- 3 |  4- 6 |  7- 9 || total
-------------------------+-------+-------+-------++-------
Melee: Hand axe          |    71 |   112 |   197 ||   380
       Headbutt          |     9 |    12 |    50 ||    71
Invok: Berserk           |       |     4 |     3 ||     7
       Trog's Hand       |       |       |     2 ||     2
  Eat: Chunk             |       |     9 |     6 ||    15
       Ration            |       |     1 |       ||     1
Armor: Animal skin       |     5 |       |       ||     5
       Ring mail         |    25 |    23 |       ||    48
       Plate armour      |       |    18 |    91 ||   109
Dodge: Dodged            |    51 |    48 |    56 ||   155
       Repelled          |       |       |     4 ||     4
Block: Buckler           |     5 |    14 |    56 ||    75
